 Dungeon Crawl Stone Soup version 0.30-a0-782-ge64f9170bb (webtiles) character file.

Game seed: 2462019838115081980

33 Leeroy the Changer (level 3, 0/34 HPs)
             Began as an Octopode Transmuter on Feb 22, 2023.
             Slain by a ball python (1 damage)
             ... on level 2 of the Dungeon.
             The game lasted 00:00:58 (754 turns).

Leeroy the Changer (Octopode Transmuter)             Turns: 754, Time: 00:00:59

Health: 0/34       AC:  1    Str:  9    XL:     3   Next: 29%
Magic:  6/6        EV: 10    Int: 17    God:
Gold:   64         SH:  0    Dex: 12    Spells: 5/6 levels left

rFire   . . .      SeeInvis .      - Unarmed
rCold   . . .      Faith    .    (no shield)
rNeg    . . .      Spirit   .    (helmet restricted)
rPois   .          Reflect  .    (no amulet)
rElec   .          Harm     .    (no ring)
rCorr   .          Rampage  .    (no ring)
Will    .....                    (no ring) Stlth
                                 (no ring)
HPRegen 0.25/turn                (no ring)
MPRegen 0.10/turn                (no ring)
                                 (no ring)
                                 (no ring)

@: berserking, constricted, very quick
A: almost no armour, amphibious, 8 rings, camouflage 1, gelatinous body 1,
(nimble swimmer 1), tentacles
a: no special abilities


You were on level 2 of the Dungeon.
You visited 1 branch of the dungeon, and saw 2 of its levels.

You collected 64 gold pieces.

Inventory:

Scrolls
 c - a scroll of noise {unknown}
 d - a scroll of brand weapon {unknown}
 e - a scroll of torment {unknown}
Potions
 a - a potion of lignification
 b - a potion of berserk rage


   Skills:
 - Level 1.0 Fighting
 - Level 2.0 Dodging
 - Level 3.0 Unarmed Combat
 - Level 2.0 Spellcasting
 + Level 3.6 Transmutations


You had 5 spell levels left.
You knew the following spells:

 Your Spells              Type           Power      Damage    Failure   Level
a - Beastly Appendage     Tmut           28%        N/A       4%          1

Your spell library contained the following spells:

 Spells                   Type           Power      Damage    Failure   Level
 Wereblood                Tmut           14%        N/A       7%          2
 Necrotise                Necr           4%         1d4       19%         1
 Spider Form              Tmut/Pois      7%         N/A       28%         3
 Vampiric Draining        Necr           1%         2d6       50%         3
 Ice Form                 Ice/Tmut       7%         N/A       67%         4
 Agony                    Necr           1%         N/A       99%         5
 Summon Forest            Summ/Tloc      0%         N/A       99%         5
 Summon Mana Viper        Hex/Summ       1%         N/A       99%         5
 Summon Cactus Giant      Summ           0%         N/A       100%        6


Dungeon Overview and Level Annotations

Branches:
Dungeon (2/15)

Altars:


Innate Abilities, Weirdness & Mutations

You cannot wear most types of armour.
You are amphibious.
You can wear up to eight rings at the same time.
Your skin changes colour to match your surroundings (Stealth+).
Your rubbery body absorbs attacks. (AC +1, EV +1)
((You are camouflaged when in or above water. (Stealth+)))
You have tentacles for arms and can constrict up to eight enemies at once.


Message History

There is a stone staircase leading up here.
An adder is nearby!
An adder is nearby!
A ball python comes into view.
The ball python hisses angrily.
The adder bites you.
You are poisoned.
The adder poisons you!
You miss the adder. Your grab misses the adder.
You feel sick. The adder bites you. x2
You miss the adder. Your grab misses the adder.
You feel sick. The adder misses you.
You tentacle-slap the adder but do no damage.
Your grab misses the adder.
You feel sick. The adder bites you.
You tentacle-slap the adder. You grab the adder.
The adder is lightly wounded.
You constrict the adder, but do no damage.
You feel sick. The adder bites you but does no damage.
The ball python bites you. The ball python grabs you.
The ball python constricts you. The adder bites you.
* * * LOW HITPOINT WARNING * * *
You are too injured to fight recklessly!
You are too injured to fight recklessly!
You are too injured to fight recklessly!
Okay, then.
You tentacle-slap the adder. Your squeeze misses the adder.
The adder is lightly wounded.
You constrict the adder.
You feel sick. The ball python closely misses you.
The ball python constricts you.
* * * LOW HITPOINT WARNING * * *
The adder bites you.
* * * LOW HITPOINT WARNING * * *
It was a potion of berserk rage.
A red film seems to cover your vision as you go berserk!
You feel yourself moving faster!
You feel mighty!
You constrict the adder.
* * * LOW HITPOINT WARNING * * *
You feel sick.
You are no longer poisoned.
The ball python bites you.
You die...

... # .....
....#####
#.#.#.... #.#.#..
#....####
#S....... #
#@S..## ##
####.#.#...#...#
............?....
......#..<#.#...
#########.# ...
..# #. ####


You could see an adder and a ball python.

Vanquished Creatures
  A dart slug (D:1)
  3 ball pythons (D:1)
  2 bats (D:1)
  3 endoplasms (D:1)
  3 goblins (D:1)
  3 hobgoblins (D:1)
  2 jackals (D:1)
  2 kobolds (D:1)
  4 quokkas (D:1)
  2 rats (D:1)
25 creatures vanquished.

Notes
Turn   | Place    | Note
-------+----------+-------------------------------------------
     0 | D:1      | Leeroy the Octopode Transmuter began the quest for the Orb.
     0 | D:1      | Reached XP level 1. HP: 13/13 MP: 3/3
    84 | D:1      | Reached XP level 2. HP: 18/18 MP: 5/5
   402 | D:1      | Reached XP level 3. HP: 7/23 MP: 6/6
   753 | D:2      | HP: 1/23 [adder (2)]
   754 | D:2      | Slain by a ball python

Illustrated notes

Levels and vault maps discovered:
D:1:      minmay_arrival_stone_box, layout_loops_cross
D:2:      layout_basic, serial_shops, nicolae_shop_bloodbath_and_beyond,
          nicolae_shop_trees, interstate_on_off, minmay_pentomino_pile

Skill      XL: |  1  2 |
---------------+-------+-----
Transmutations | 3 |  3.6
Fighting       | |  1.0
Dodging        | |  2.0
Unarmed Combat | |  3.0
Spellcasting   | |  2.0

Action                     || total
---------------------------++-------
  Melee: Unarmed           ||    70
         Constrict         ||    17
         Tentacles         ||    13
   Cast: Beastly Appendage ||     2
    Use: Potion            ||     1
   Stab: Sleeping          ||     8
 Armour: Skin              ||    14
  Dodge: Dodged            ||    49

Table legend: (Time is in decaauts)
 A = Elapsed time spent in this place.
 B = Non-inter-level travel time spent in this place.
 C = Inter-level travel time spent in this place.
 D = Time resting spent in this place.
 E = Time spent auto-exploring this place.
 F = Levels seen in this place.
 G = Mean time per level.
                   A        B        C        D        E       F      G
               +--------+--------+--------+--------+--------+-----+--------+
         Total |    750 |    731 |     19 |      0 |    555 |   2 |  375.0 |
       Dungeon |    750 |    731 |     19 |      0 |    555 |   2 |  375.0 |
               +--------+--------+--------+--------+--------+-----+--------+

Top non-repeatable levels by time:
     D:1: 741 daAuts
     D:2: 8 daAuts
